 Dungeon Crawl Stone Soup version 0.26-a0-540-g8a0c9464d7 (webtiles) character file.

Game seed: 805221695381538337

7667 Inarius the Protected (level 10, 0/80 HPs)
             Began as a Mummy Wanderer on Aug 23, 2020.
             Was an Elder of Okawaru.
             Slain by a cyan ugly thing (12 damage)
             ... on level 11 of the Dungeon.
             The game lasted 00:26:51 (12895 turns).

Inarius the Protected (Mummy Wanderer)             Turns: 12895, Time: 00:26:51

Health: 0/80       AC: 14    Str: 21    XL:     10   Next: 99%
Magic:  12/12      EV:  8    Int: 11    God:    Okawaru [****..]
Gold:   90         SH: 10    Dex: 10    Spells: 9/9 levels left

rFire    x . .     SeeInvis +   i - +0 war axe (vorpal)
rCold    + . .     Faith    .   y - +0 kite shield
rNeg     + + +     Spirit   .   j - +2 scale mail {MR+}
rPois    ∞         Reflect  .   k - +0 helmet
rElec    .         Harm     .   m - +0 cloak
rCorr    .                      (no gloves)
MR       +++..                  E - +0 pair of boots
Stlth    ..........             (no amulet)
HPRegen  0.23/turn              p - ring of protection from magic
MPRegen  0.13/turn              H - ring of see invisible

@: studying Shields
A: no potions, fire vulnerability, cold resistance 1, negative energy resistance
3, torment resistance, unbreathing
a: Heroism, Renounce Religion


You were on level 11 of the Dungeon.
You worshipped Okawaru.
Okawaru was greatly pleased with you.
You visited 2 branches of the dungeon, and saw 12 of its levels.
You also visited: Sewer.

You collected 420 gold pieces.
You spent 330 gold pieces at shops.

Inventory:

Hand Weapons
 i - a +0 vorpal war axe (weapon)
 t - a +2 dagger of venom
 A - a +3 quarterstaff of chaos
Missiles
 r - 10 boomerangs (quivered)
Armour
 a - a +0 plate armour
 j - a +2 scale mail of magic resistance (worn)
 k - a +0 helmet (worn)
 m - a +0 cloak (worn)
 w - a +2 buckler
 y - a +0 kite shield (worn)
 E - a +0 pair of boots (worn)
Jewellery
 e - an uncursed ring of ice
 f - an uncursed amulet of regeneration
 p - a ring of protection from magic (left hand)
 v - an uncursed amulet of reflection {unknown}
 F - the amulet "Seki" {Reflect rElec rPois rF+++ Dex-3 SH+5}
   (You bought it in a shop on level 6 of the Dungeon)

   [amulet of reflection]

   It shields you and reflects attacks.
   It affects your dexterity (-3).
   It renders you almost immune to fire.
   It insulates you from electricity.
   It protects you from poison.
   It affects your SH (+5).
 H - a ring of see invisible (right hand)
Wands
 n - a wand of digging (14)
 x - a wand of paralysis (9)
 z - a wand of flame (8)
 B - a wand of random effects (8)
Scrolls
 b - 2 scrolls of fear
 c - 2 scrolls of teleportation
 d - 3 scrolls of amnesia
 g - 2 scrolls of immolation
 h - 4 scrolls of fog
 l - a scroll of enchant armour {unknown}
 o - 3 scrolls of magic mapping
 q - 2 scrolls of noise
 s - 5 scrolls of remove curse
Books
 u - a manual of Shields


   Skills:
 + Level 8.3 Fighting
 * Level 6.0(6.1) Axes
   Level 1.0(3.9) Maces & Flails
 - Level 0.5(0.9) Staves
 + Level 8.9 Armour
 - Level 1.0 Dodging
 - Level 1.0 Stealth
 + Level 5.0 Shields
 - Level 1.0 Unarmed Combat
 * Level 3.3 Invocations
 + Level 4.2 Evocations


You had 9 spell levels left.
You didn't know any spells.
Your spell library contained the following spells:

 Spells                   Type           Power        Failure   Level
 Animate Skeleton         Necr           #.....       97%         1
 Apportation              Tloc           #.....       97%         1
 Corona                   Hex            #......      97%         1
 Sandblast                Erth           #.....       97%         1
 Summon Small Mammal      Summ           #...         97%         1
 Passwall                 Tmut/Erth      #.......     99%         2
 Stone Arrow              Conj/Erth      #.....       100%        3
 Petrify                  Tmut/Erth      #.......     100%        4
 Lee's Rapid Deconstruct  Erth           #.........   100%        5


Dungeon Overview and Level Annotations

Branches:
Dungeon (11/15)            Temple (1/1) D:5            Lair (0/6) D:10
    Orc (0/2) D:10          Sewer (visited)

Altars:
Ashenzari
Cheibriados
Dithmenos
Elyvilon
Fedhas
Gozag
Hepliaklqana
Kikubaaqudgha
Makhleb
Nemelex Xobeh
Okawaru
Qazlal
Ru
Sif Muna
Trog
Uskayaw
Vehumet
Wu Jian
Xom
Yredelemnul
Zin
The Shining One

Shops:
D:6 :**([   D:10 [


Innate Abilities, Weirdness & Mutations

You do not drink.
Your flesh is vulnerable to fire.
You are immune to poison.
Your flesh is cold resistant. (rC+)
You are immune to negative energy. (rN+++)
You are immune to unholy pain and torment.
You can survive without breathing.


Message History

You continue taking off your amulet of regeneration.
The cyan ugly thing trunk-slaps you. The cyan ugly thing shocks you!
You continue taking off your amulet of regeneration.
The cyan ugly thing trunk-slaps you but does no damage.
You finish taking off your amulet of regeneration.
You start putting on your amulet.
You continue putting on the amulet "Seki" {Reflect rElec rPois rF+++ Dex-3 SH+5}.
The cyan ugly thing trunk-slaps you.
Keep equipping yourself?
The cyan ugly thing shocks you!
You continue putting on the amulet "Seki" {Reflect rElec rPois rF+++ Dex-3 SH+5}.
The cyan ugly thing trunk-slaps you. The cyan ugly thing shocks you!
* * * LOW HITPOINT WARNING * * *
You continue putting on the amulet "Seki" {Reflect rElec rPois rF+++ Dex-3 SH+5}.
The cyan ugly thing trunk-slaps you but does no damage.
You continue putting on the amulet "Seki" {Reflect rElec rPois rF+++ Dex-3 SH+5}.
The cyan ugly thing trunk-slaps you!
* * * LOW HITPOINT WARNING * * *
The cyan ugly thing shocks you!
You die...

....... ....... .......
....... ..... ...
######u###+###
#......@.....#
#............#
#............# ........
#............# .....KK
#......†.....#
....K.############'####
......#......#........#
......#......#........#
......#......#........#


You could see a cyan ugly thing.

Vanquished Creatures
  A cyclops (D:8)
  Joseph (D:7)
  Maggie (D:7)
  A troll (D:9)
  Prince Ribbit (D:7)
  Grinder (D:4)
  2 hippogriffs
  Sigmund (D:3)
  4 yaks (D:9)
  A shadow (D:8)
  2 wyverns
  3 wargs (D:10)
  A swamp drake (D:10)
  3 orc warriors
  A hornet zombie (D:9)
  3 ice beasts
  4 phantoms
  A tengu (D:8)
  2 black bears
  3 centaurs
  5 ogres
  3 bullfrogs
  A water moccasin zombie (D:8)
  7 scorpions
  3 wights (D:6)
  3 howler monkeys
  2 bullfrog zombies
  A quasit (D:8)
  A centaur zombie (D:7)
  2 jellies
  5 orc priests
  3 hounds
  A gnoll shaman (D:9)
  5 iguanas
  Crazy Yiuf (D:2)
  Jessica (D:3)
  A bullfrog skeleton (D:9)
  5 orc wizards
  6 worker ants
  A hound zombie (D:8)
  2 worker ant zombies
  Robin (D:2)
  8 adders
  9 gnolls
  2 shadow imps
  3 white imps
  2 oozes (D:2)
  An adder skeleton (D:9)
  3 worms
  3 dart slugs
  7 leopard geckos
  35 orcs
  7 bats
  2 giant cockroaches
  11 goblins
  9 hobgoblins
  7 jackals
  4 quokkas
  2 ball pythons
  3 frilled lizards
  10 kobolds
  A quokka skeleton (D:5)
  10 rats
  2 fungi (D:2)
238 creatures vanquished.

Notes
Turn   | Place    | Note
-------+----------+-------------------------------------------
     0 | D:1      | Inarius the Mummy Wanderer began the quest for the Orb.
     0 | D:1      | Inarius set off with the following items: a +0 short sword,
                  | 2 scrolls of fear, a scroll of teleportation, a +0 robe
     0 | D:1      | Reached XP level 1. HP: 19/19 MP: 1/1
   481 | D:1      | Reached XP level 2. HP: 23/26 MP: 2/2
  1274 | D:2      | Reached XP level 3. HP: 20/32 MP: 3/3
  1358 | D:2      | Found a runed translucent door.
  1367 | D:2      | Noticed Crazy Yiuf
  1448 | D:2      | Reached skill level 1 in Armour
  1535 | D:2      | Reached skill level 5 in Fighting
  1575 | D:2      | Noticed Robin
  1638 | D:2      | Killed Robin
  1638 | D:2      | Reached XP level 4. HP: 31/39 MP: 4/4
  2260 | D:3      | Noticed Jessica
  2277 | D:3      | Killed Jessica
  2312 | D:3      | Found a glowing drain.
  2332 | Sewer    | Entered a sewer
  2413 | Sewer    | Noticed Purgy
  2780 | D:3      | Reached XP level 5. HP: 19/44 MP: 5/5
  2882 | D:3      | Noticed Sigmund
  3039 | D:4      | Found a radiant altar of Vehumet.
  3157 | D:4      | HP: 1/45 [iguana (10)]
  3158 | D:4      | Reached XP level 6. HP: 1/52 MP: 6/6
  3316 | D:4      | Found a shimmering altar of Xom.
  3317 | D:4      | Found a hazy altar of Hepliaklqana.
  3318 | D:4      | Noticed a spectral ugly thing
  3340 | D:4      | Got a heavily runed wooden ring
  3341 | D:4      | Identified the ring "Toitwan" {rN+ Int+7} (You found it on
                  | level 4 of the Dungeon)
  3697 | D:4      | Found a stormy altar of Qazlal.
  3818 | D:4      | Reached XP level 7. HP: 25/58 MP: 7/7
  3968 | D:5      | Entered Level 5 of the Dungeon
  4055 | D:5      | Found a burning altar of Makhleb.
  4055 | D:5      | Found a blossoming altar of Fedhas.
  4106 | D:5      | Reached skill level 5 in Armour
  4109 | D:5      | HP: 1/58 [worker ant (6)]
  4114 | D:5      | HP: 2/58 [worker ant (2)]
  4121 | D:5      | Reached skill level 1 in Axes
  4237 | D:5      | Noticed Grinder
  4285 | D:4      | Killed Grinder
  4285 | D:4      | Reached XP level 8. HP: 58/65 MP: 8/8
  4651 | D:5      | Found a staircase to the Ecumenical Temple.
  4720 | Temple   | Entered the Ecumenical Temple
  4725 | Temple   | Became a worshipper of Warmaster Okawaru
  4817 | D:3      | Found a faded altar of an unknown god.
  4859 | D:3      | Killed Sigmund
  5083 | D:2      | Killed Crazy Yiuf
  5196 | D:6      | Found Fyedeesh's Book Emporium.
  5537 | D:6      | Reached * piety under Okawaru
  5548 | D:6      | Found Roklexai's Assorted Antiques.
  5557 | D:6      | Bought a scintillating sapphire amulet for 165 gold pieces
  5567 | D:6      | Identified the amulet "Seki" {Reflect rElec rPois rF+++
                  | Dex-3 SH+5} (You bought it in a shop on level 6 of the
                  | Dungeon)
  5749 | D:6      | Found Toghyagy's Weapon Shop.
  5864 | D:6      | Reached XP level 9. HP: 69/71 MP: 9/9
  5914 | D:6      | Found Ipuoloxi's Antique Armour Shop.
  5957 | D:6      | Found Idereyss's General Store.
  6602 | D:7      | Noticed Maggie
  6651 | D:7      | Killed Maggie
  6651 | D:7      | Reached ** piety under Okawaru
  6841 | D:7      | Found a bloodstained altar of Trog.
  6995 | D:7      | Noticed Joseph
  7146 | D:7      | Found an ancient bone altar of Kikubaaqudgha.
  7147 | D:7      | Noticed Prince Ribbit
  7166 | D:7      | Killed Prince Ribbit
  7536 | D:8      | Found a snail-covered altar of Cheibriados.
  7544 | D:8      | Noticed a two-headed ogre
  7554 | D:8      | Reached *** piety under Okawaru
  7784 | D:8      | Found an ornate altar of the Wu Jian Council.
  8039 | D:8      | HP: 3/73 [two-headed ogre/+0 giant club (20)]
  8523 | D:7      | Killed Joseph
  8523 | D:7      | Reached XP level 10. HP: 46/80 MP: 10/10
  8700 | D:8      | Noticed a cyclops
  8700 | D:8      | a two-headed ogre changed into a cyclops
  8715 | D:8      | Killed a cyclops
  8938 | D:8      | Identified a scroll of acquirement
  8939 | D:8      | Acquired a +0 vorpal war axe
  8966 | D:8      | Found an ancient bone altar of Kikubaaqudgha.
  9247 | D:6      | Bought a heavily runed silver amulet for 165 gold pieces
  9257 | D:6      | Identified the amulet "Zamegrok" {Inacc Stlth+} (You bought
                  | it in a shop on level 6 of the Dungeon)
  9465 | D:9      | Reached **** piety under Okawaru
  9813 | D:9      | Found a sacrificial altar of Ru.
  9887 | D:10     | Entered Level 10 of the Dungeon
 10083 | D:10     | Found a staircase to the Lair.
 10095 | D:10     | Reached skill level 1 in Invocations
 10124 | D:10     | Reached skill level 5 in Axes
 11426 | D:10     | Found Ilastrej's Antique Armour Shoppe.
 12509 | D:10     | Reached skill level 5 in Shields
 12520 | D:10     | Found a staircase to the Orcish Mines.
 12768 | D:11     | Noticed a four-headed hydra
 12883 | D:11     | Noticed a cyan ugly thing
 12895 | D:11     | Slain by a cyan ugly thing

Illustrated notes

Levels and vault maps discovered:
D:1:      shiori_arrival_oz, layout_basic, minmay_three_crescents
D:2:      layout_loops_ring, uniq_robin, uniq_crazy_yiuf_cottage
D:3:      layout_loops_cross, portal_sewer_entry_b,
          chequers_ecumenical_altar_simple, uniq_sigmund, uniq_jessica
D:4:      layout_basic, regret_index_temple_of_mockery, kennysheep_mini_moat,
          lemuel_crystal_altar
D:5:      layout_gridville, gammafunk_temple_overflow_wave, temple_fountains,
          uniq_grinder
D:6:      layout_basic, serial_shops, shop, nicolae_shop_overgrown_old_shop,
          shop, shop, shop
D:7:      layout_rooms, bloody_trog, basic_altar, uniq_maggie, uniq_joseph,
          uniq_prince_ribbit1
D:8:      layout_rooms, lemuel_coloured_pillars_altar,
          grunt_temple_overflow_open, minmay_manual_mail
D:9:      layout_small_grid, kennysheep_mini
D:10:     layout_cave_pools, erik_lair_orcish_takeover, erik_orc_1,
          serial_shops, nicolae_shop_waterfront
D:11:     layout_grid_maze, nicolae_blasting_shop, minivault_29
Temple:   minmay_freezing_vapour_temple

Skill      XL: |  1  2  3  4  5  6  7  8  9 10 |
---------------+-------------------------------+-----
Armour         | 1 2 3 4 5 7 8 |  8.9
Fighting       | 5 6 7 8 |  8.3
Axes           | 1 2 4 6 |  6.0
Shields        | 2 3 5 |  5.0
Evocations     | 2 3 4 |  4.2
Invocations    | 3 |  3.3
Maces & Flails | |  1.0
Staves         | |  0.5
Dodging        | |  1.0
Stealth        | |  1.0
Unarmed Combat | |  1.0

Action                   |  1- 3 |  4- 6 |  7- 9 | 10-12 || total
-------------------------+-------+-------+-------+-------++-------
Melee: Short sword       |   221 |   268 |       |       ||   489
       Dagger            |       |    16 |   233 |       ||   249
       Quarterstaff      |       |       |   238 |    26 ||   264
       War axe           |       |       |       |   319 ||   319
Throw: Boomerang         |       |       |       |     3 ||     3
Invok: Heroism           |       |       |       |     3 ||     3
Evoke: Wand              |       |       |     6 |    18 ||    24
  Use: Scroll            |       |     6 |     3 |     8 ||    17
 Stab: Petrifying        |       |       |     1 |       ||     1
       Petrified         |       |       |     1 |       ||     1
       Paralysed         |       |       |       |     3 ||     3
Armor: Robe              |    15 |       |       |       ||    15
       Ring mail         |    67 |     2 |       |       ||    69
       Scale mail        |       |   139 |   115 |   123 ||   377
       Chain mail        |       |       |   143 |     9 ||   152
       Plate armour      |       |       |       |    40 ||    40
Dodge: Dodged            |   116 |   146 |   193 |   100 ||   555
Block: Buckler           |       |    46 |    44 |       ||    90
       Other             |       |       |    57 |    11 ||    68
       Reflection        |       |       |     5 |     5 ||    10
       Kite shield       |       |       |       |   296 ||   296

Table legend: (Time is in decaauts)
 A = Elapsed time spent in this place.
 B = Non-inter-level travel time spent in this place.
 C = Inter-level travel time spent in this place.
 D = Time resting spent in this place.
 E = Time spent auto-exploring this place.
 F = Levels seen in this place.
 G = Mean time per level.
                   A        B        C        D        E       F      G
               +--------+--------+--------+--------+--------+-----+--------+
         Total |  13145 |  12318 |    827 |   3623 |   4973 |  13 | 1011.2 |
       Dungeon |  12824 |  11997 |    827 |   3571 |   4973 |  11 | 1165.8 |
        Temple |     11 |     11 |      0 |      0 |      0 |   1 |   11.0 |
         Sewer |    309 |    309 |      0 |     52 |      0 |   1 |  309.0 |
               +--------+--------+--------+--------+--------+-----+--------+

Top non-repeatable levels by time:
     D:9: 2030 daAuts
     D:7: 1824 daAuts
     D:6: 1617 daAuts
     D:1: 1212 daAuts
     D:8: 1177 daAuts
     D:2: 1075 daAuts
    D:10: 1046 daAuts
     D:4: 1033 daAuts
     D:3: 876 daAuts
     D:5: 744 daAuts
   Sewer: 309 daAuts
    D:11: 184 daAuts
  Temple: 11 daAuts
